 Dungeon Crawl Stone Soup version 0.27.0-1-g7a089689b8 (console) character file.

Game seed: 5891713355299428227

85 jejorda2 the Skirmisher (level 4, 0/29 HPs)
             Began as a Kobold Chaos Knight on Aug 11, 2021.
             Was a Plaything of Xom.
             Succumbed to an orc wizard's poison
             ... on level 2 of the Dungeon.
             The game lasted 00:05:35 (3483 turns).

jejorda2 the Skirmisher (Kobold Chaos Knight)       Turns: 3483, Time: 00:05:36

Health: 0/29       AC:  8    Str: 12    XL:     4   Next: 75%
Magic:  4/4        EV:  8    Int: 15    God:    Xom [..*...]
Gold:   56         SH:  0    Dex: 14    Spells: 3/3 levels left

rFire    . . .     SeeInvis .   a - +0 flail
rCold    . . .     Faith    .   (shield restricted)
rNeg     . . .     Spirit   .   m - +0 chain mail
rPois    .         Reflect  .   (no helmet)
rElec    .         Harm     .   (no cloak)
rCorr    .         Rampage  .   (no gloves)
Will     .....     Rnd*Rage +   (no boots)
Stlth    ..........             (no amulet)
HPRegen  0.09/turn              (no ring)
MPRegen  0.09/turn              (no ring)

@: mighty, lethally poisoned (0 -> -1), attractive
A: small, no large weapons, nightstalker 3, berserk 1, clever 1, strong 1
a: Renounce Religion


You were on level 2 of the Dungeon.
You worshipped Xom.
You were a toy of Xom.
You visited 1 branch of the dungeon, and saw 3 of its levels.

You collected 56 gold pieces.

Inventory:

Hand Weapons
 a - a +0 flail (weapon)
 e - a +0 mace of chaos
 l - a +0 whip
Missiles
 f - 4 atropa-tipped darts (quivered)
Armour
 m - a +0 chain mail (worn)
Scrolls
 d - a scroll of vulnerability {unknown}
 g - 3 scrolls of magic mapping {unknown}
 i - a scroll of identify {unknown}
 k - 3 scrolls of teleportation {unknown}


   Skills:
 + Level 4.0 Fighting
 * Level 3.8 Maces & Flails
 + Level 1.7 Armour
 - Level 2.4 Dodging


You had 3 spell levels left.
You didn't know any spells.
Your spell library contained the following spells:

 Spells                   Type           Power      Damage    Failure   Level
 Portal Projectile        Hex/Tloc       0%         N/A       100%        3
 Blade Hands              Tmut           0%         N/A       100%        5
 Excruciating Wounds      Necr           0%         N/A       100%        5


Dungeon Overview and Level Annotations

Branches:
Dungeon (3/15)

Altars:

Shops:
D:2 !


Innate Abilities, Weirdness & Mutations

You are small and have problems with some larger weapons.
You are completely attuned to the shadows.
You tend to lose your temper in combat.
Your mind is acute. (Int +2)
Your muscles are strong. (Str +2)


Message History

Xom is highly amused!
You feel very sick. Something hits you.
* * * LOW HITPOINT WARNING * * *
You are more poisoned.
It was a potion of attraction.
You feel attractive to monsters.
* * * LOW HITPOINT WARNING * * *
You feel very sick. Something hits you but does no damage.
You are more poisoned.
It was a potion of curing.
You feel better.
You hear some strange, mumbled words.
Something tries to affect you, but you resist.
It was a potion of might.
You feel very mighty all of a sudden.
Xom is highly amused!
Something hits you but does no damage.
You are lethally poisoned!
You sock something!
Reactivating autopickup.
You feel a bit more experienced.
* * * LOW HITPOINT WARNING * * *
You feel very sick.
Your Fighting skill increases to level 4!
Unknown command.
Okay, then.
You aren't carrying any potions.
* * * LOW HITPOINT WARNING * * *
You feel sick.
* * * LOW HITPOINT WARNING * * *
You feel sick.
* * * LOW HITPOINT WARNING * * *
You feel sick.
* * * LOW HITPOINT WARNING * * *
You feel sick.
* * * LOW HITPOINT WARNING * * *
You feel sick.
You die...
Xom thinks this is hilarious!

#.....P.........................♣
....P.PPP...###..######...##.###♣
#.#...P♣....# #..# ♣♣♣♣##.# #.
#.#.P♣♣.♣...###..#### ♣♣.♣#.###.
.....♣♣♣.♣..........♣♣♣P.♣♣♣.....
....P♣♣.♣........##....♣P..♣.###.
.....♣P♣P........###♣...P.♣♣.....
♣.♣....♣.........# ♣♣♣.PP♣♣.##..
....#...#.#.....@# #♣♣..♣ #.P...
♣.♣##...#.#.##...# #.♣♣♣♣##..P♣.
..###.......##...####.#...##.PP♣♣
........#.#####...........##...♣♣
...##.#.#.#<###..###..♣P♣.##....P
....................P.♣♣♣........
...##.#.#.#.##..>#..P.♣P..####...
........#.#.##.†)#.......## #..♣
...##.....#.##...###..P..### ##P.


There were no monsters in sight!

Vanquished Creatures
  An orc wizard (D:2)
  2 adders (D:2)
  A worm (D:2)
  A dart slug (D:2)
  An orc (D:2)
  A ball python (D:1)
  3 bats
  3 endoplasms
  2 giant cockroaches (D:1)
  4 goblins
  5 hobgoblins
  A kobold (D:2)
  3 quokkas
  2 frilled lizards (D:2)
  4 rats
34 creatures vanquished.

Notes
Turn   | Place    | Note
-------+----------+-------------------------------------------
     0 | D:1      | jejorda2 the Kobold Chaos Knight began the quest for the
                  | Orb.
     0 | D:1      | Reached XP level 1. HP: 14/14 MP: 1/1
    54 | D:1      | Reached skill level 1 in Armour
    59 | D:1      | Reached XP level 2. HP: 19/19 MP: 2/2
   113 | D:1      | XOM: silly message
   372 | D:1      | XOM: silly message
   426 | D:1      | Found a faded altar of an unknown god.
   486 | D:1      | You fall into a shaft and drop 1 floor!
   533 | D:2      | XOM: divination: magic mapping
   944 | D:1      | Reached XP level 3. HP: 16/23 MP: 3/3
  1218 | D:1      | XOM is BORED!
  1218 | D:1      | XOM: silly message
  1256 | D:1      | XOM: divination: detect creatures
  1442 | D:1      | XOM is BORED!
  1442 | D:1      | XOM: noise
  1577 | D:2      | XOM: divination: magic mapping
  1625 | D:2      | Found Ritinaawk's Distillery.
  1672 | D:2      | XOM: silly message
  1990 | D:2      | XOM: silly message
  2175 | D:2      | XOM is BORED!
  2175 | D:2      | XOM: silly message
  2620 | D:1      | XOM: silly message
  2722 | D:1      | XOM: silly message
  2875 | D:2      | Reached XP level 4. HP: 22/29 MP: 4/4
  3095 | D:2      | XOM: cloud trail
  3292 | D:3      | XOM: cast spell 'Cause Fear'
  3468 | D:2      | XOM: potion effect (curing)
  3473 | D:2      | Gained mutation: Your mind is acute. (Int +2) [potion of
                  | mutation]
  3473 | D:2      | Gained mutation: You tend to lose your temper in combat.
                  | [potion of mutation]
  3473 | D:2      | Gained mutation: Your muscles are strong. (Str +2) [potion
                  | of mutation]
  3478 | D:2      | Reached skill level 4 in Fighting
  3482 | D:2      | HP: 1/29 [poisoned by an orc wizard]
  3483 | D:2      | Succumbed to an orc wizard's poison

Illustrated notes

Levels and vault maps discovered:
D:1:      dpeg_arrival_houses_and_road, layout_loops_ring,
          chequers_ecumenical_altar_twisty
D:2:      layout_basic, serial_forest, infiniplex_forest_lined_3,
          infiniplex_forest_clump_small, infiniplex_forest_corner_2,
          infiniplex_forest_clump_medium, infiniplex_forest_clump_double,
          infiniplex_forest_end_2, infiniplex_forest_lined_ring,
          infiniplex_forest_pool, serial_shops, nicolae_shop_stone,
          minmay_pentomino_z4
D:3:      layout_basic, palyth_temple_overflow_mages, lightli_corner_chamber

Skill      XL: |  1  2  3  4 |
---------------+-------------+-----
Armour         | 1 |  1.7
Maces & Flails | 3 |  3.8
Fighting       | 4 |  4.0
Dodging        | |  2.4

Action                   |  1- 3 |  4- 6 || total
-------------------------+-------+-------++-------
Melee: Mace              |    20 |       ||    20
       Whip              |   118 |    47 ||   165
       Flail             |       |     6 ||     6
  Use: Potion            |       |     4 ||     4
 Stab: Sleeping          |     7 |       ||     7
Armor: Leather armour    |    27 |    11 ||    38
       Chain mail        |       |     7 ||     7
       Scale mail        |       |     3 ||     3
Dodge: Dodged            |    77 |    33 ||   110
